 Dungeon Sprint DCSS version 0.30-a0-1103-g25895a7845 (webtiles) character file.

Game seed: 3142827127123603844

5 sircluck the Chopper (level 1, -12/22 HPs)
             Began as a Hill Orc Monk on Apr 18, 2023.
             Mangled by an ogre
             ... wielding a +0 giant club
              (33 damage)
             ... in the Dungeon (Sprint IX: "|||||||||||||||||||||||||||||").
             The game lasted 00:00:05 (21 turns).

sircluck the Chopper (Hill Orc Monk)                  Turns: 21, Time: 00:00:06

Health: -12/22     AC:  2    Str: 13    XL:     1   Next: 80%
Magic:  1/1        EV: 12    Int: 10    God:
Gold:   0          SH:  0    Dex: 13    Spells: 0/0 levels left

rFire   . . .      SeeInvis .    a - +0 hand axe
rCold   . . .      Faith    .    d - orb {light}
rNeg    . . .      Spirit   .    b - +0 robe
rPois   .          Reflect  .    (no helmet)
rElec   .          Rampage  .    (no cloak)
rCorr   .          NoTele   +    (no gloves)
Will    .....                    (no boots)
Stlth   +                        (no amulet)
HPRegen 0.23/turn                (no ring)
MPRegen 0.07/turn                (no ring)

@: glowing
A: no striking features
a: no special abilities


You were in the Dungeon.
You visited 1 branch

Inventory:

Hand Weapons
 a - a +0 hand axe (weapon)
Armour
 b - a +0 robe (worn)
 d - an orb of light (worn)
Scrolls
 j - a scroll of blinking
Potions
 c - a potion of ambrosia
 e - a potion of curing
 f - a potion of heal wounds
 g - a potion of haste
 h - 2 potions of magic
 i - a potion of berserk rage


   Skills:
 + Level 4.4 Fighting
 + Level 4.8 Axes
 + Level 2.9 Dodging


You couldn't memorise any spells.
You didn't know any spells.
Your spell library was empty.

Dungeon Overview and Level Annotations

Branches:
Dungeon (1/1)

Altars:


Message History

Found a staircase leading out of the dungeon.
No target in view!
You open the door.
An endoplasm, a hobgoblin, 2 bats and a giant cockroach come into view.
The hobgoblin shouts!
You hit the giant cockroach but do no damage.
The giant cockroach closely misses you.
You hit the giant cockroach.
You kill the giant cockroach!
The bat hits you but does no damage.
Your Fighting skill increases to level 4!
The bat hits you. x2
There is an open door to the Dungeon here.
You see here a giant cockroach corpse.
You hit the bat.
The bat is moderately wounded.
The bat hits you but does no damage. The bat hits you.
You slash the bat!
You kill the bat!
You barely miss the hobgoblin. The hobgoblin barely misses you.
You hit the hobgoblin but do no damage. The hobgoblin hits you.
You slash the hobgoblin!
You kill the hobgoblin!
The bat misses you.
You hit the bat.
The bat is moderately wounded.
The bat hits you. The bat closely misses you.
You hit the bat.
You kill the bat!
You hit the endoplasm.
You kill the endoplasm!
You see here a bat corpse.
You open the door.
An adder, an ufetubus, an ice beast, an orc and an ogre come into view.
The adder hisses angrily.
The orc shouts!
The ogre shouts!
You hit the ogre.
The ogre is lightly wounded.
The ogre hits you with a +0 giant club!!
Ouch! That really hurt!
You die...

▓+▓
▓S▓
▓.▓
▓5▓
▓Y▓
▓o▓
▓O▓
▓@▓
▓.▓
▓.▓
▓.▓
▓†▓
▓†▓
▓.▓
▓.▓
▓.▓


You could see an ice beast, an ogre, an adder, an orc and an ufetubus.

Vanquished Creatures
  An endoplasm (D)
  A giant cockroach (D)
  A hobgoblin (D)
  2 bats (D)
5 creatures vanquished.

Notes
Turn   | Place    | Note
-------+----------+-------------------------------------------
     0 | D        | sircluck the Hill Orc Monk began the quest for the Orb.
     0 | D        | Reached XP level 1. HP: 19/19 MP: 1/1
    20 | D        | Noticed an ice beast
    20 | D        | Noticed an ogre
    21 | D        | Mangled by an ogre

Illustrated notes

Levels and vault maps discovered:
D:        linesprint [early_d, line_temple, items_1, d_10, items_2, lair_1,
          lair_end, items_3, orc_1, orc_end, items_4, d_15, swamp_1, shoals_1,
          snake_1, spider_1, d_20, vaults_1, items_5, swamp_end, shoals_end,
          snake_end, spider_end, vaults_end, d_27, items_6, zot_1, zot_end,
          crypt_end, forest_end, elf_end, slime_end, tomb_end, abyss_end,
          pan_hell_end]

Skill      XL: |  1 |
---------------+----+-----
Fighting       | 4 |  4.4
Axes           | |  4.8
Dodging        | |  2.9

Action                     || total
---------------------------++-------
  Melee: Hand axe          ||    11
 Armour: Robe              ||     2
  Dodge: Dodged            ||     4

Table legend: (Time is in decaauts)
 A = Elapsed time spent in this place.
 B = Non-inter-level travel time spent in this place.
 C = Inter-level travel time spent in this place.
 D = Time resting spent in this place.
 E = Time spent auto-exploring this place.
 F = Levels seen in this place.
 G = Mean time per level.
                   A        B        C        D        E       F      G
               +--------+--------+--------+--------+--------+-----+--------+
         Total |     21 |     21 |      0 |      0 |      0 |   1 |   21.0 |
       Dungeon |     21 |     21 |      0 |      0 |      0 |   1 |   21.0 |
               +--------+--------+--------+--------+--------+-----+--------+

Top non-repeatable levels by time:
       D: 21 daAuts
